 Dungeon Crawl Stone Soup version 0.17.0-28-g6e173f8 (webtiles) character file.

212 homeworkjunkie the Covert (level 5, -14/26 HPs)
             Began as a Spriggan Assassin on Nov 29, 2015.
             Killed by divine providence
             ... invoked by an orc priest
              (16 damage)
             ... on level 3 of the Dungeon.
             The game lasted 00:03:57 (1681 turns).

homeworkjunkie the Covert (Spriggan Assassin)       Turns: 1681, Time: 00:03:57

Health: -14/26     AC:  3    Str:  7    XL:     5   Next: 58%
Magic:  6/6        EV: 18    Int: 13    God:
Gold:   77         SH:  0    Dex: 18    Spells: 0 memorised, 4 levels left

rFire  . . .     SeeInvis +     b - +1 blowgun
rCold  . . .     Clarity  .     c - +0 robe
rNeg   . . .     SustAt   .     (shield restricted)
rPois  .         Gourm    .     (helmet restricted)
rElec  .         Spirit   .     d - +0 cloak
rCorr  .         Warding  .     (gloves unavailable)
rMut   .         Stasis   .     (boots unavailable)
MR     .....                    (no amulet)
Stlth  +++++.....               (no ring)
                                k - ring of wizardry

@: very quick, not resistant to hostile enchantments, quite stealthy
A: unfitting armour, see invisible, herbivore 3, speed 3, slow metabolism 2
a: no special abilities


You were on level 3 of the Dungeon.
You were not hungry.

You visited 1 branch of the dungeon, and saw 4 of its levels.

You collected 77 gold pieces.

Inventory:

Hand Weapons
 a - a +2 dagger
 b - a +1 blowgun (weapon)
Missiles
 e - 5 poisoned needles (quivered)
 f - 2 curare-tipped needles
Armour
 c - a +0 robe (worn)
 d - a +0 cloak (worn)
Jewellery
 k - a ring of wizardry (left hand)
Potions
 i - 2 potions of brilliance
Comestibles
 g - 2 bread rations


   Skills:
 * Level 2.0 Fighting
 * Level 2.7 Short Blades
 * Level 2.8 Throwing
 * Level 3.0 Dodging
 * Level 8.9 Stealth


You had 4 spell levels left.
You didn't know any spells.

Dungeon Overview and Level Annotations

Branches:
Dungeon (4/15)
 Temple: D:4-7

Altars:
Dithmenos
Elyvilon
Ru


Innate Abilities, Weirdness & Mutations

You are tiny and cannot use many weapons and most armour.
You have supernaturally acute eyesight.
You are a herbivore.
You cover ground extremely quickly.
You need consume almost no food.


Message History

Aim: an orc priest, wearing a leather armour (severely wounded)
You shoot a poisoned needle.
The poisoned needle closely misses the orc priest.
The orc priest mumbles some strange prayers to Beogh against you.
Pain shoots through your body!
* * * LOW HITPOINT WARNING * * *
The orc hits you with a dagger.
* * * LOW HITPOINT WARNING * * *
Firing (i - inventory. (,) - cycle):
e - 6 poisoned needles (quivered)
Press: ? - help, Shift-Dir - straight line, f/p - orc priest
Aim: an orc priest, wearing a leather armour (severely wounded)
You shoot a poisoned needle.
The poisoned needle hits the orc priest!
The orc priest is poisoned.
The orc priest is severely wounded.
The orc closely misses you.
The orc priest mumbles some strange prayers to Beogh against you.
Something smites you!
Ouch! That really hurt!
You die...

##...## #........#
##'## #####.#### #.#
#.# #.# #.# ### ##.##
#.# ..###...#######
#.# #.........)...#
#.#
#####...#####.#####.#
##.## #(.o@o..# ###
#########


You could see an orc priest and an orc.

Vanquished Creatures
  An ogre (D:3)
  An orc wizard (D:4)
  2 adders
  4 gnolls (D:2)
  3 giant geckos
  2 orcs
  8 bats
  4 giant cockroaches
  10 goblins
  2 hobgoblins (D:1)
  8 kobolds
  2 giant newts (D:2)
  4 rats
51 creatures vanquished.

Notes
Turn   | Place    | Note
--------------------------------------------------------------
     0 | D:1      | homeworkjunkie the Spriggan Assassin began the quest for the Orb.
     0 | D:1      | Reached XP level 1. HP: 10/10 MP: 2/2
    20 | D:1      | Reached skill level 6 in Stealth
   140 | D:2      | Reached XP level 2. HP: 14/14 MP: 3/3
   157 | D:3      | Noticed an ogre
   158 | D:3      | Killed an ogre
   158 | D:3      | Reached skill level 7 in Stealth
   158 | D:3      | Reached XP level 3. HP: 16/18 MP: 4/4
   158 | D:3      | Reached XP level 4. HP: 20/23 MP: 5/5
   231 | D:1      | Reached skill level 8 in Stealth
  1112 | D:2      | Found a white marble altar of Elyvilon.
  1147 | D:2      | Found a sacrificial altar of Ru.
  1147 | D:2      | Found a shadowy altar of Dithmenos.
  1149 | D:2      | Reached XP level 5. HP: 26/26 MP: 6/6
  1681 | D:3      | Killed from afar by an orc priest

Action                   |  1- 3 |  4- 6 || total
-------------------------+-------+-------++-------
Melee: Dagger            |    18 |   104 ||   122
 Fire: Blowgun           |       |    16 ||    16
  Use: Scroll            |       |     7 ||     7
       Potion            |       |     3 ||     3
 Stab: Sleeping          |     4 |    17 ||    21
